 Dungeon Crawl Stone Soup version 0.26-a0-597-gb535b0901c (webtiles) character file.

Game seed: 37226682854510233

6693 Bloaty the Geomancer (level 11, -5/69 HPs)
             Began as a Gargoyle Earth Elementalist on July 12, 2020.
             Was a Believer of Sif Muna.
             Slain by a red ugly thing (21 damage)
             ... on level 10 of the Dungeon on Sept 1, 2020.
             The game lasted 01:41:30 (11111 turns).

Bloaty the Geomancer (Gargoyle Earth Elementalist) Turns: 11111, Time: 01:41:31

Health: -5/69      AC: 16    Str: 13    XL:     11   Next: 3%
Magic:  6/22       EV: 15    Int: 18    God:    Sif Muna [**....]
Gold:   540        SH:  0    Dex: 10    Spells: 16/25 levels left

rFire    . . .     SeeInvis .   D - +2 flail (protect)
rCold    . . .     Faith    .   (no shield)
rNeg     + . .     Spirit   .   H - +0 leather armour
rPois    ∞         Reflect  .   (no helmet)
rElec    +         Harm     .   (no cloak)
rCorr    .         Rnd*Tele +   u - +0 pair of gloves
MR       .....                  i - +2 pair of boots
Stlth    ++........             g - amulet of regeneration
HPRegen  0.61/turn              p - +4 ring of evasion
MPRegen  0.18/turn              s - ring of teleportation

@: no status effects
A: negative energy resistance 1, electricity resistance, unbreathing,
petrification resistance, rot immunity, AC +8
a: Channel Magic, Renounce Religion


You were on level 10 of the Dungeon.
You worshipped Sif Muna.
Sif Muna was pleased with you.
You visited 2 branches of the dungeon, and saw 11 of its levels.
You also visited: Sewer.

You collected 590 gold pieces.
You spent 50 gold pieces at shops.

Inventory:

Hand Weapons
 D - a +2 flail of protection (weapon)
Missiles
 b - 135 stones (quivered)
Armour
 i - a +2 pair of boots (worn)
 u - a +0 pair of gloves (worn)
 H - a +0 leather armour (worn)
Jewellery
 g - an amulet of regeneration (around neck)
 p - a +4 ring of evasion (left hand)
 s - a ring of teleportation (right hand)
 y - an uncursed ring of positive energy
 G - an uncursed ring of fire {unknown}
 K - an uncursed ring of ice
 L - an uncursed ring of ice
Wands
 f - a wand of iceblast (12)
 E - a wand of digging (7)
Scrolls
 a - a scroll of blinking
 c - a scroll of acquirement
 d - a scroll of vulnerability {unknown}
 e - a scroll of enchant armour {unknown}
 h - 7 scrolls of identify
 j - 3 scrolls of fog
 k - a scroll of remove curse
 n - 3 scrolls of fear {unknown}
 x - 4 scrolls of teleportation
 B - a scroll of immolation {unknown}
 F - a scroll of magic mapping
 I - a scroll of amnesia {unknown}
 J - 2 scrolls of summoning {unknown}
 M - a scroll of enchant weapon {unknown}
Potions
 l - 2 potions of invisibility
 m - 3 potions of brilliance {unknown}
 o - 2 potions of haste {unknown}
 q - 4 potions of heal wounds
 r - 5 potions of curing
 t - 4 potions of lignification
 v - a potion of magic
 w - a potion of flight {unknown}
 z - a potion of might {unknown}
 A - a potion of resistance {unknown}
 C - a potion of stabbing {unknown}


   Skills:
 + Level 8.3 Fighting
 - Level 3.6 Maces & Flails
 + Level 8.3 Armour
 - Level 1.5 Dodging
 - Level 2.1 Stealth
 - Level 7.8 Spellcasting
 - Level 4.5 Conjurations
   Level 0.7 Transmutations
 + Level 9.2 Earth Magic
 + Level 1.9 Invocations


You had 16 spell levels left.
You knew the following spells:

 Your Spells              Type           Power        Failure   Level
a - Sandblast             Erth           #####.       1%          1
b - Stone Arrow           Conj/Erth      ####..       2%          3
c - Lee's Rapid Deconstr  Erth           #####.....   8%          5

Your spell library contained the following spells:

 Spells                   Type           Power        Failure   Level
 Passwall                 Tmut/Erth      ###.....     2%          2
 Beastly Appendage        Tmut           #.....       9%          1
 Petrify                  Tmut/Erth      ###.....     16%         4
 Spider Form              Tmut/Pois      #.........   32%         3
 Ice Form                 Ice/Tmut       #.......     71%         4
 Blade Hands              Tmut           #.........   94%         5


Dungeon Overview and Level Annotations

Branches:
Dungeon (10/15)            Temple (1/1) D:6           Sewer (visited)
   Lair: D:8-11         Orc: D:9-12

Altars:
Ashenzari
Cheibriados
Dithmenos
Elyvilon
Fedhas
Gozag
Hepliaklqana
Kikubaaqudgha
Makhleb
Nemelex Xobeh
Okawaru
Qazlal
Ru
Sif Muna
Trog
Uskayaw
Vehumet
Wu Jian
Xom
Yredelemnul
Zin
The Shining One

Shops:
D:4 !

Annotations:
D:5 2 transporters, Sigmund


Innate Abilities, Weirdness & Mutations

You are resistant to torment.
Your stone body is resilient. (AC +8)
You are immune to poison.
You resist negative energy. (rN+)
You are resistant to electric shocks. (rElec)
You can survive without breathing.
You are immune to petrification.
You are immune to rotting.


Message History

A metal wall.
The metal wall shatters!
The blast of metal fragments hits the red ugly thing!!
The red ugly thing is moderately wounded.
The blast of metal fragments hits the ogre!!
You kill the ogre!
Sif Muna accepts your kill.
You hear a shout! x2
The red ugly thing trunk-slaps you.
You are engulfed in flames!!
You hear a shout!
You hear a shout! x3
A kobold comes into view. It is wielding a +0 whip.
The kobold shouts!
You hear a shout!
The red ugly thing completely misses you.
The red ugly thing trunk-slaps you!
You are engulfed in flames!!
* * * LOW HITPOINT WARNING * * *
The red ugly thing trunk-slaps you!
* * * LOW HITPOINT WARNING * * *
You are engulfed in flames!!
You die...

#..........#####..#
#......u..........#
#....#F#######....#
###...†# #....
.......# #...#
.......# +...#
##.....# #...#
#.....#########$..#
#............†)@u.#
#....K###########.#
###...# #.# #...#
#.# #...# #.#
#...###########K#
##........K.....#
#..............#
#..#+#########.#


You could see a red ugly thing.

Vanquished Creatures
  A two-headed ogre (D:9)
  2 guardian serpents (D:9)
  2 centaur skeletons (D:9)
  Maggie (D:7)
  A human (D:7)
  4 hogs (D:7)
  A wyvern (D:10)
  A steam dragon (D:8)
  Duvessa (D:6)
  Edmund (D:6)
  A water moccasin (D:10)
  3 orc warriors
  A sky beast (D:7)
  A black bear (D:8)
  4 ogres
  2 phantoms
  A centaur (D:5)
  4 bullfrogs
  Dowan (D:6)
  3 scorpions
  5 killer bees (D:9)
  A wight (D:8)
  6 howler monkeys
  An electric eel (D:8)
  A centaur zombie (D:7)
  A quasit (D:6)
  4 jellies
  2 hounds (D:9)
  5 orc priests
  2 bullfrog skeletons
  Ijyb (D:5)
  11 orc wizards
  3 worker ants
  2 hound skeletons
  2 hound zombies (D:8)
  13 adders
  6 gnolls
  7 river rats
  A white imp (D:6)
  2 ufetubi
  2 oozes
  2 worms
  A dart slug (D:1)
  5 leopard geckos
  37 orcs
  7 bats
  14 giant cockroaches
  11 goblins
  8 hobgoblins
  7 jackals
  5 quokkas
  16 ball pythons
  6 frilled lizards
  8 kobolds
  34 rats
275 creatures vanquished.

Notes
Turn   | Place    | Note
-------+----------+-------------------------------------------
     0 | D:1      | Bloaty the Gargoyle Earth Elementalist began the quest for
                  | the Orb.
     0 | D:1      | Reached XP level 1. HP: 10/10 MP: 3/3
   159 | D:1      | Reached XP level 2. HP: 15/15 MP: 1/5
   167 | D:1      | Reached skill level 4 in Earth Magic
   694 | D:1      | Reached XP level 3. HP: 17/19 MP: 3/6
  1327 | D:1      | Learned a level 3 spell: Stone Arrow
  1448 | D:2      | Reached XP level 4. HP: 21/24 MP: 2/8
  1458 | D:2      | Reached skill level 1 in Conjurations
  1860 | D:2      | Reached skill level 5 in Earth Magic
  2098 | D:2      | Reached XP level 5. HP: 12/28 MP: 7/10
  2277 | D:2      | Found a sacrificial altar of Ru.
  2450 | D:3      | Found an ornate altar of the Wu Jian Council.
  2845 | D:3      | Reached skill level 1 in Maces & Flails
  3162 | D:3      | Reached XP level 6. HP: 32/32 MP: 9/11
  3606 | D:4      | Found Igaomnem's Distillery.
  3610 | D:4      | Bought a potion of heal wounds for 50 gold pieces
  3883 | D:4      | Noticed a phantom
  3897 | D:4      | Killed a phantom
  4000 | D:5      | Entered Level 5 of the Dungeon
  4020 | D:5      | Noticed Ijyb
  4061 | D:5      | Killed Ijyb
  4061 | D:5      | Reached skill level 1 in Fighting
  4061 | D:5      | Reached skill level 1 in Armour
  4149 | D:5      | Found a transporter.
  4170 | D:5      | Found a transporter.
  4240 | D:5      | Reached XP level 7. HP: 18/38 MP: 11/13
  4273 | D:5      | Found a glowing drain.
  4282 | Sewer    | Entered a sewer
  4437 | Sewer    | Reached skill level 6 in Earth Magic
  4904 | D:5      | Noticed Sigmund
  5092 | D:5      | Reached XP level 8. HP: 45/45 MP: 0/14
  5354 | D:6      | Noticed Edmund
  5354 | D:6      | Noticed Duvessa
  5435 | D:6      | Found a burning altar of Makhleb.
  5441 | D:6      | Found a glowing silver altar of Zin.
  5441 | D:6      | Noticed an angel
  5441 | D:6      | Noticed a green death
  5562 | D:6      | Found a staircase to the Ecumenical Temple.
  5630 | D:6      | Noticed Dowan
  5677 | D:6      | Killed Dowan
  5701 | Temple   | Entered the Ecumenical Temple
  6160 | Temple   | Became a worshipper of Sif Muna the Loreminder
  6179 | D:6      | Killed Duvessa
  6179 | D:6      | Reached skill level 7 in Earth Magic
  6409 | D:6      | Killed Edmund
  6428 | D:6      | Learned a level 5 spell: Lee's Rapid Deconstruction
  6795 | D:6      | Reached skill level 5 in Spellcasting
  7161 | D:7      | Reached XP level 9. HP: 52/52 MP: 3/16
  7223 | D:7      | Reached * piety under Sif Muna
  7415 | D:7      | Noticed Maggie
  7422 | D:7      | Killed Maggie
  7422 | D:7      | Reached skill level 8 in Earth Magic
  7650 | D:7      | Reached skill level 5 in Fighting
  7650 | D:7      | Reached skill level 5 in Armour
  7897 | D:7      | Identified a scroll of acquirement
  8011 | D:8      | Upgraded the game from 0.26-a0-259-g1effd001a9 to
                  | 0.26-a0-466-g989023bd0d
  8168 | D:8      | Found a shadowy altar of Dithmenos.
  8364 | D:7      | Reached XP level 10. HP: 60/60 MP: 15/19
  9010 | D:8      | Found a stormy altar of Qazlal.
  9015 | D:8      | Found a hide-covered altar of Uskayaw.
  9018 | D:8      | Found a blossoming altar of Fedhas.
  9307 | D:9      | Noticed a two-headed ogre
  9411 | D:9      | Found a white marble altar of Elyvilon.
  9764 | D:9      | Noticed a guardian serpent
  9776 | D:9      | Killed a guardian serpent
  9871 | D:9      | Killed a two-headed ogre
 10006 | D:8      | Upgraded the game from 0.26-a0-466-g989023bd0d to
                  | 0.26-a0-597-gb535b0901c
 10227 | D:9      | Reached ** piety under Sif Muna
 10259 | D:9      | Noticed a guardian serpent
 10267 | D:9      | Killed a guardian serpent
 10588 | D:9      | Reached skill level 9 in Earth Magic
 10588 | D:9      | Reached skill level 1 in Invocations
 10951 | D:10     | Entered Level 10 of the Dungeon
 10990 | D:10     | Noticed a red ugly thing
 11050 | D:10     | Reached XP level 11. HP: 68/68 MP: 1/22
 11111 | D:10     | Slain by a red ugly thing

Illustrated notes

Levels and vault maps discovered:
D:1:      tarquinn_simple_flora_water_b, layout_basic, minmay_cupped
D:2:      layout_basic, nicolae_ru_awakened_eye
D:3:      minmay_evil_eye, layout_rooms, nicolae_overflow_crystal_walls,
          uniq_grinder
D:4:      layout_loops_ring, serial_shops, shop_statue
D:5:      gammafunk_steamed_eel, layout_rooms, first_ration,
          portal_sewer_entry_e, minmay_between, uniq_sigmund, uniq_ijyb
D:6:      layout_rooms, grunt_temple_overflow_order_and_chaos_2,
          minmay_temple_entry_arrows, uniq_edmund, uniq_duvessa
D:7:      layout_loops_cross, grunt_livestock, uniq_maggie
D:8:      layout_layer_cave, lemuel_crystal_altar,
          minmay_overflow_temple_star_quad, serial_bayou_pond_b
D:9:      nrook_guardian_serpent_snake_passage, layout_basic, basic_altar,
          hangedman_decor_peaks_small
D:10:     layout_irregular_city, uniq_harold
Temple:   dpeg_chambers_temple

Skill      XL: |  1  2  3  4  5  6  7  8  9 10 |
---------------+-------------------------------+-----
Earth Magic    | 4 5 6 7 8 9 |  9.2
Spellcasting   | 3 4 5 6 7 |  7.8
Conjurations   | 1 2 3 4 |  4.5
Maces & Flails | 1 2 3 |  3.6
Fighting       | 1 2 4 6 8 |  8.3
Armour         | 1 2 3 6 8 |  8.3
Invocations    | 1 |  1.9
Dodging        | |  1.5
Stealth        | |  2.1
Transmutations | |  0.7

Action                   |  1- 3 |  4- 6 |  7- 9 | 10-12 || total
-------------------------+-------+-------+-------+-------++-------
Melee: Club              |    16 |       |       |       ||    16
       Mace              |    85 |   191 |   218 |       ||   494
       Flail             |       |       |   156 |    31 ||   187
 Cast: Sandblast         |    28 |    67 |   108 |    43 ||   246
       Stone Arrow       |       |       |    42 |    34 ||    76
       Lee's Rapid Decon |       |       |     2 |    18 ||    20
  Use: Scroll            |       |     8 |     5 |       ||    13
       Potion            |       |       |     3 |       ||     3
 Stab: Sleeping          |     4 |     4 |     1 |       ||     9
  Eat: Removed food      |     1 |     2 |     4 |       ||     7
Armor: Robe              |    51 |   107 |   290 |       ||   448
       Leather armour    |       |       |    28 |    58 ||    86
Dodge: Dodged            |    83 |   222 |   681 |    99 ||  1085

Table legend: (Time is in decaauts)
 A = Elapsed time spent in this place.
 B = Non-inter-level travel time spent in this place.
 C = Inter-level travel time spent in this place.
 D = Time resting spent in this place.
 E = Time spent auto-exploring this place.
 F = Levels seen in this place.
 G = Mean time per level.
                   A        B        C        D        E       F      G
               +--------+--------+--------+--------+--------+-----+--------+
         Total |  11450 |  11231 |    219 |   1822 |   5726 |  12 |  954.2 |
       Dungeon |  10200 |   9988 |    212 |   1458 |   5480 |  10 | 1020.0 |
        Temple |    635 |    628 |      7 |    254 |    227 |   1 |  635.0 |
         Sewer |    614 |    614 |      0 |    110 |     18 |   1 |  614.0 |
               +--------+--------+--------+--------+--------+-----+--------+

Top non-repeatable levels by time:
     D:9: 1619 daAuts
     D:8: 1209 daAuts
     D:7: 178 daAuts
    D:10: 160 daAuts
Note: time per level data comes from an upgraded game and may be incomplete.
